 Dungeon Crawl Stone Soup version 0.24.0-37-gcf1ca852f1 (webtiles) character file.

Game seed: 15502102587708256144, levelgen mode: deterministic

60 Quirk the Skirmisher (level 3, -1/29 HPs)
             Began as a Demonspawn Fighter on Nov 30, 2019.
             Slain by an adder (3 damage)
             ... on level 2 of the Dungeon.
             The game lasted 00:03:47 (1379 turns).

Quirk the Skirmisher (Demonspawn Fighter)           Turns: 1379, Time: 00:03:48

Health: -1/29      AC:  6    Str: 16    XL:     3   Next: 82%
Magic:  3/3        EV:  7    Int: 10    God:
Gold:   87         SH:  8    Dex: 12    Spells: 2/2 levels left

rFire    . . .     SeeInvis .   a - +0 war axe
rCold    . . .     Gourm    .   c - +0 shield
rNeg     . . .     Faith    .   b - +0 scale mail
rPois    .         Spirit   .   (helmet restricted)
rElec    .         Reflect  .   (no cloak)
rCorr    .         Harm     .   (no gloves)
MR       .....                  (no boots)
Stlth    ..........             (no amulet)
HPRegen  0.09/turn              (no ring)
MPRegen  0.08/turn              (no ring)

@: no status effects
A: antennae 1, rot immunity
a: no special abilities


You were on level 2 of the Dungeon.
You were not hungry.

You visited 1 branch of the dungeon, and saw 2 of its levels.

You collected 87 gold pieces.

Inventory:

Hand Weapons
 a - a +0 war axe (weapon)
Armour
 b - a +0 scale mail (worn)
 c - a +0 shield (worn)
 k - a +0 chain mail
Scrolls
 g - 3 scrolls of identify {unknown}
 l - a scroll of enchant weapon {unknown}
 o - a scroll of remove curse {unknown}
Potions
 d - 2 potions of might
 e - 2 potions of haste {unknown}
 h - a potion of invisibility {unknown}
 i - a potion of brilliance {unknown}
 m - a potion of berserk rage {unknown}
 n - a potion of mutation {unknown}
Comestibles
 f - 3 rations
 j - 5 chunks of flesh


   Skills:
 + Level 3.3 Fighting
 * Level 2.7 Axes
 + Level 3.0 Armour
 + Level 1.0 Dodging
 + Level 3.0 Shields


You had 2 spell levels left.
You didn't know any spells.
Your spell library was empty.

Dungeon Overview and Level Annotations

Branches:
Dungeon (2/15)

Altars:
The Shining One


Innate Abilities, Weirdness & Mutations

You have a pair of small antennae on your head.
You are immune to rotting.


Message History

The adder is heavily wounded.
The adder bites you.
* * * LOW HITPOINT WARNING * * *
You block the adder's attack.
You closely miss the adder.
The adder is heavily wounded.
The adder bites you.
* * * LOW HITPOINT WARNING * * *
You block the adder's attack.
You barely miss the adder.
The adder is heavily wounded.
The adder bites you but does no damage. x2
You closely miss the adder.
The adder is heavily wounded.
The adder barely misses you. The adder bites you but does no damage.
You barely miss the adder.
The adder is heavily wounded.
The adder barely misses you. The adder bites you.
You die...

##.#.######.##รท#
#.#........##.#
#.###########.## #+#
#..# ... ##.# ....
####.# ..... ##.##.#
....!.####...#.####.##
......'S@.............
......####...#.####.#.
..... ##.##.# ....
####.# ... #.# #+ #.#
#.# ..#


You could see an adder.

Vanquished Creatures
  2 adders (D:2)
  2 dart slugs (D:1)
  2 leopard geckos (D:1)
  A giant cockroach (D:1)
  5 hobgoblins
  4 kobolds
  A quokka (D:2)
  A ball python (D:2)
  6 bats
  3 frilled lizards
  6 goblins (D:1)
  4 rats
37 creatures vanquished.

Notes
Turn   | Place    | Note
-------+----------+-------------------------------------------
     0 | D:1      | Quirk the Demonspawn Fighter began the quest for the Orb.
     0 | D:1      | Reached XP level 1. HP: 18/18 MP: 1/1
   154 | D:1      | Gained mutation: You have a pair of small antennae on your
                  | head. [demonic ancestry]
   154 | D:1      | Reached XP level 2. HP: 22/24 MP: 2/2
   722 | D:1      | Gained mutation: You are immune to rotting. [demonic
                  | ancestry]
   722 | D:1      | Reached XP level 3. HP: 29/29 MP: 3/3
  1156 | D:2      | Found a glowing golden altar of the Shining One.
  1243 | D:2      | Reached skill level 1 in Dodging
  1375 | D:2      | HP: 1/29 [adder (4)]
  1379 | D:2      | Slain by an adder

Levels and vault maps discovered:
D:1:      erik_arrival_cave_to_civilisation [erik_arrival_cave_to_hall],
          layout_basic
D:2:      layout_loops_corners, tso_oasis_becter

Skill      XL: |  1  2  3 |
---------------+----------+-----
Axes           | 2 |  2.7
Shields        | 3 |  3.0
Dodging        | 1 |  1.0
Armour         | 3 |  3.0
Fighting       | |  3.3

Action                   || total
-------------------------++-------
Melee: War axe           ||   153
  Eat: Chunk             ||     2
Armor: Scale mail        ||    83
Dodge: Dodged            ||    47
Block: Shield            ||    78
